 Dungeon Crawl Stone Soup version 0.16-b1 (webtiles) character file.

1153 McCoppin the Slicer (level 8, -4/69 HPs)
             Began as a Kobold Fighter on Mar 10, 2015.
             Was a Believer of Okawaru.
             Slain by an unseen horror (8 damage)
             ... on level 6 of the Dungeon.
             The game lasted 00:22:52 (4929 turns).

McCoppin the Slicer (Kobold Fighter)                Turns: 4929, Time: 00:22:52

Health: -4/69      AC: 12    Str: 20    XL:     8   Next: 65%
Magic:  8/8        EV:  9    Int:  6    God:    Okawaru [**....]
Gold:   17         SH:  7    Dex: 17    Spells: 0 memorised, 7 levels left

rFire  . . .     SeeInvis .     a - +0 short sword (elec)
rCold  . . .     Clarity  .     g - +0 chain mail
rNeg   . . .     SustAb   .     c - +1 buckler
rPois  +         Gourm    .     f - +0 helmet
rElec  .         Spirit   .     p - +0 cloak
rCorr  .         Warding  .     x - +0 pair of gloves
rMut   +         Stasis   .     (no boots)
MR     .....                    w - amulet of resist mutation
Stlth  ..........               (no ring)
                                m - ring of poison resistance

@: berserking, very quick, not resistant to hostile enchantments, extremely
unstealthy
A: carnivore 3
a: Heroism, Renounce Religion


You were on level 6 of the Dungeon.
You worshipped Okawaru.
Okawaru was pleased with you.
You were very full.

You visited 2 branches of the dungeon, and saw 7 of its levels.

You collected 248 gold pieces.
You spent 231 gold pieces at shops.

Inventory:

Hand weapons
 a - a +0 short sword of electrocution (weapon)
 b - a +0 blowgun
 y - a +0 rapier of flaming
Missiles
 l - 49 poisoned needles
Armour
 c - a +1 buckler (worn)
 f - a +0 helmet (worn)
 g - a +0 chain mail (worn)
 p - a +0 cloak (worn)
 x - a +0 pair of gloves (worn)
 z - a +0 scale mail
Jewellery
 j - a cursed -3 ring of protection
 m - a ring of poison resistance (left hand)
 w - an amulet of resist mutation (around neck)
Magical devices
 B - a wand of enslavement (8)
Scrolls
 e - a scroll of acquirement {unknown}
 k - a scroll of immolation
 r - 2 scrolls of teleportation
 u - 2 scrolls of identify
 v - a scroll of fear {unknown}
Potions
 o - 2 potions of restore abilities
Books
 i - a book of Changes

   Spells                             Type                      Level
   a - Beastly Appendage              Transmutation                1
   b - Sticks to Snakes               Transmutation                2
   c - Spider Form                    Transmutation/Poison         3
   d - Ice Form                       Ice/Transmutation            4
   e - Blade Hands                    Transmutation                5
 q - a book of Necromancy

   Spells                             Type                      Level
   a - Pain                           Necromancy                   1
   b - Animate Skeleton               Necromancy                   1
   c - Vampiric Draining              Necromancy                   3
   d - Regeneration                   Charms/Necromancy            3
   e - Animate Dead                   Necromancy                   4
   f - Control Undead                 Necromancy                   4
 A - a book of the Tempests

   Spells                             Type                      Level
   a - Static Discharge               Conjuration/Air              3
   b - Lightning Bolt                 Conjuration/Air              5
   c - Fireball                       Conjuration/Fire             5
   d - Tornado                        Air                          9
   e - Shatter                        Earth                        9
Comestibles
 d - 4 meat rations
 h - 2 beef jerkies
 s - 3 royal jellies


   Skills:
 - Level 3.4 Fighting
 + Level 12.5 Short Blades
 - Level 2.4 Armour
 - Level 2.4 Shields


You had 7 spell levels left.
You didn't know any spells.

Dungeon Overview and Level Annotations

Branches:
Dungeon (6/15)             Temple (1/1) D:4

Altars:
Ashenzari
Cheibriados
Dithmenos
Elyvilon
Fedhas
Gozag
Kikubaaqudgha
Makhleb
Nemelex Xobeh
Okawaru
Qazlal
Ru
Sif Muna
Trog
Vehumet
Xom
Yredelemnul
Zin
The Shining One

Shops:
D:6 *


Innate Abilities, Weirdness & Mutations

You are small and have problems with some larger weapons.
You are carnivorous and can eat meat at any time.


Message History

You hear a distant slurping noise.
You hit something but do no damage.
There is a sudden explosion of sparks!
You block its attack. Something hits you but does no damage.
You hit something but do no damage. Something hits you!
* * * LOW HITPOINT WARNING * * *
You closely miss something. Something hits you but does no damage.
Something hits you but does no damage.
Drink which item? (? for menu, Esc to quit)
A red film seems to cover your vision as you go berserk!
You feel yourself moving faster!
You feel mighty! Something hits you.
* * * LOW HITPOINT WARNING * * *
Something hits you.
* * * LOW HITPOINT WARNING * * *
You closely miss something. Something completely misses you.
You hit something but do no damage. Something hits you.
* * * LOW HITPOINT WARNING * * *
You hit something but do no damage. Something hits you.
* * * LOW HITPOINT WARNING * * *
You hit something. Something hits you!
You die...

#.###.####
#.##.....#
#.#.....##
#.......#
###<....#
##...########
##.##......###
#.##.#......#
#..@.##.....##
#######.(....#
###.......
######


There were no monsters in sight!

Vanquished Creatures
  A phantom (D:6)
  An ogre (D:5)
  3 centaurs (D:5)
  A crimson imp (D:5)
  A giant frog zombie (D:5)
  2 hounds
  3 jellies
  4 iguanas
  5 orc wizards
  2 worker ants
  11 adders
  A shadow imp (D:5)
  3 worms
  An adder skeleton (D:4)
  3 giant geckos
  An ooze (D:2)
  9 orcs
  A ball python (D:3)
  A bat skeleton (D:5)
  5 giant cockroaches
  12 goblins
  6 hobgoblins
  7 jackals
  14 kobolds
  A quokka (D:2)
  8 bats
  8 giant newts
  2 jackal skeletons
  6 rats
123 creatures vanquished.

Notes
Turn   | Place    | Note
--------------------------------------------------------------
     0 | D:1      | McCoppin, the Kobold Fighter, began the quest for the Orb.
     0 | D:1      | Reached XP level 1. HP: 14/14 MP: 1/1
    44 | D:1      | Reached XP level 2. HP: 13/19 MP: 2/2
   307 | D:1      | Reached skill level 4 in Short Blades
   455 | D:1      | Reached XP level 3. HP: 23/23 MP: 3/3
  1419 | D:2      | Reached skill level 5 in Short Blades
  1419 | D:2      | Reached XP level 4. HP: 26/28 MP: 4/4
  1537 | D:2      | Found a sparkling altar of Nemelex Xobeh.
  2284 | D:3      | Reached skill level 6 in Short Blades
  2284 | D:3      | Reached XP level 5. HP: 32/32 MP: 5/5
  2544 | D:3      | Reached skill level 7 in Short Blades
  2769 | D:3      | Reached XP level 6. HP: 32/37 MP: 6/6
  2923 | D:4      | Reached skill level 8 in Short Blades
  3106 | D:4      | Found a staircase to the Ecumenical Temple.
  3115 | Temple   | Entered the Ecumenical Temple
  3214 | Temple   | Became a worshipper of Warmaster Okawaru
  3584 | D:4      | Reached skill level 9 in Short Blades
  3666 | D:5      | Entered Level 5 of the Dungeon
  3672 | D:5      | Reached XP level 7. HP: 41/41 MP: 7/7
  3747 | D:5      | Found an opulent altar of Gozag.
  4013 | D:5      | Acquired Okawaru's first power
  4013 | D:5      | Reached skill level 10 in Short Blades
  4067 | D:5      | Found a glowing golden altar of the Shining One.
  4297 | D:5      | Reached XP level 8. HP: 46/46 MP: 8/8
  4309 | D:5      | Reached skill level 11 in Short Blades
  4683 | D:5      | Reached skill level 12 in Short Blades
  4781 | D:6      | Found Igenis' Assorted Antiques.
  4795 | D:6      | Bought a viscous silvery potion for 27 gold pieces
  4795 | D:6      | Bought a scratched wooden ring for 150 gold pieces
  4795 | D:6      | Bought a metallic yellow potion for 27 gold pieces
  4795 | D:6      | Bought a white potion for 27 gold pieces
  4929 | D:6      | Slain by an unseen horror

Action                   |  1- 3 |  4- 6 |  7- 9 || total
-------------------------+-------+-------+-------++-------
Melee: Rapier            |   133 |    60 |       ||   193
       Short sword       |       |   143 |   155 ||   298
 Fire: Blowgun           |       |       |     2 ||     2
  Use: Potion            |       |     1 |    10 ||    11
       Scroll            |       |     9 |     2 ||    11
  Eat: Chunk             |     8 |     6 |     6 ||    20
